 Dungeon Crawl Stone Soup version 0.28-a0-422-gd71735cc25 (webtiles) character file.

Game seed: 1854575668318617938

28 willcat the Sneak (level 2, -1/17 (18) HPs)
             Began as a Deep Elf Delver on Sept 8, 2021.
             Was an Initiate of Sif Muna.
             Slain by a sky beast (6 damage)
             ... on level 7 of the Dungeon.
             The game lasted 00:01:16 (822 turns).

willcat the Sneak (Deep Elf Delver)                  Turns: 822, Time: 00:01:16

HP:   -1/17 (18)    AC:  3    Str:  9    XL:     2   Next: 96%
MP:   4/4           EV: 11    Int: 14    God:    Sif Muna [......]
Gold: 84            SH:  3    Dex: 16    Spells: 1/1 levels left

rFire   . . .      SeeInvis .   a - +0 short sword
rCold   . . .      Faith    .   i - +0 buckler
rNeg    . . .      Spirit   .   b - +0 leather armour
rPois   .          Reflect  .   (no helmet)
rElec   .          Harm     .   (no cloak)
rCorr   .          Rampage  .   (no gloves)
Will    .....                   (no boots)
Stlth   +++.......              (no amulet)
HPRegen 0.05/turn               (no ring)
MPRegen 0.09/turn               (no ring)

@: hasted, drained, very quick
A: no striking features
a: Renounce Religion


You were on level 7 of the Dungeon.
You worshipped Sif Muna.
Sif Muna was noncommittal.
You visited 2 branches of the dungeon, and saw 4 of its levels.

You collected 84 gold pieces.

Inventory:

Hand Weapons
 a - a +0 short sword (weapon)
Armour
 b - a +0 leather armour (worn)
 i - a +0 buckler (worn)
Wands
 g - a wand of digging (2)
Scrolls
 c - 2 scrolls of fog
 d - a scroll of magic mapping
 e - a scroll of fear
 h - a scroll of vulnerability {unknown}


   Skills:
 - Level 2.4 Fighting
 + Level 2.5 Short Blades
 + Level 3.1 Dodging
 + Level 6.4 Stealth
 + Level 0.0 Shields


You had one spell level left.
You didn't know any spells.
Your spell library was empty.

Dungeon Overview and Level Annotations

Branches:
Dungeon (7/15)             Temple (1/1) D:6

Altars:
Ashenzari
Cheibriados
Elyvilon
Fedhas
Gozag
Kikubaaqudgha
Nemelex Xobeh
Okawaru
Qazlal
Sif Muna
Trog
Wu Jian
Zin


Message History

The orc misses you.
You hit the orc.
You kill the orc!
Sif Muna accepts your kill.
Things that are here:
a +0 hand axe; an orc corpse You now have 67 gold pieces (gained 17).
You start resting.
You hear the slow hiss of a very distant avalanche of sand.
Found 17 gold pieces.
You start putting on your armour.
You continue putting on your +0 buckler. x4
You finish putting on your +0 buckler.
Unknown command.
You now have 84 gold pieces (gained 17).
You hear the slow hiss of a very distant avalanche of sand.
You hear the slow hiss of a very distant avalanche of sand.
HP restored.
You hear the slow hiss of a very distant avalanche of sand.
You open the door.
Key pressed, stopping explore.
You hear the slow hiss of a very distant avalanche of sand.
A centaur comes into view.
Found a stone staircase leading down.
Found a stone staircase leading down.
A sky beast comes into view.
There is a stone staircase leading down here.
A water moccasin comes into view.
The helpless sky beast fails to defend itself.
You impale the sky beast!!
The sky beast is severely wounded.
The sky beast hits you. The sky beast shocks you.
Unknown command.
Okay, then.
Okay, then.
Unknown command.
You feel yourself speed up. The sky beast hits you.
* * * LOW HITPOINT WARNING * * *
The sky beast shocks you.
You die...

#.#..........
#.#..........
#.#..........
#.#.#.#######
.#######...#.#
.?......####.##
..#####.##....########
. #.##.#.....Y...#
#.##.#....@....#
#.#..#.........#
#.....>........#
###.##.........#
#.##.........#
#.##.........#
#............#
############.# S#


You could see a sky beast.

Vanquished Creatures
  An iguana (D:6)
  An orc (D:7)
2 creatures vanquished.

Notes
Turn   | Place    | Note
-------+----------+-------------------------------------------
     0 | D:5      | willcat the Deep Elf Delver began the quest for the Orb.
     0 | D:5      | Reached XP level 1. HP: 13/13 MP: 3/3
    33 | D:6      | Noticed an iguana
    34 | D:6      | Killed an iguana
    35 | D:6      | Reached XP level 2. HP: 18/18 MP: 4/4
    47 | D:6      | Found a staircase to the Ecumenical Temple.
    85 | D:6      | Noticed a necrophage
   111 | Temple   | Entered the Ecumenical Temple
   423 | Temple   | Became a worshipper of Sif Muna the Loreminder
   803 | D:7      | Noticed a centaur
   814 | D:7      | Noticed a sky beast
   819 | D:7      | Noticed a water moccasin
   822 | D:7      | Slain by a sky beast

Illustrated notes

Levels and vault maps discovered:
D:5:      gammafunk_steamed_eel, layout_rooms
D:6:      layout_basic, minmay_temple_entry_statues_fountains,
          cheibrodos_sewer_entry_bend
D:7:      layout_basic, nicolae_ossuary_entry_plus,
          hangedman_decor_diamond_cutter, uniq_crazy_yiuf_cottage
Temple:   roderic_octagonal_lattice_temple

Skill      XL: |  1 |
---------------+----+-----
Dodging        | 3 |  3.1
Fighting       | |  2.4
Short Blades   | |  2.5
Stealth        | |  6.4

Action                   || total
-------------------------++-------
Melee: Short sword       ||    13
Evoke: Wand              ||     1
  Use: Potion            ||     1
 Stab: Sleeping          ||     2
Armor: Leather armour    ||     1
Dodge: Dodged            ||    11

Table legend: (Time is in decaauts)
 A = Elapsed time spent in this place.
 B = Non-inter-level travel time spent in this place.
 C = Inter-level travel time spent in this place.
 D = Time resting spent in this place.
 E = Time spent auto-exploring this place.
 F = Levels seen in this place.
 G = Mean time per level.
                   A        B        C        D        E       F      G
               +--------+--------+--------+--------+--------+-----+--------+
         Total |    821 |    782 |     39 |     38 |    536 |   4 |  205.2 |
       Dungeon |    485 |    485 |      0 |     38 |    255 |   3 |  161.7 |
        Temple |    336 |    297 |     39 |      0 |    281 |   1 |  336.0 |
               +--------+--------+--------+--------+--------+-----+--------+

Top non-repeatable levels by time:
  Temple: 336 daAuts
     D:7: 290 daAuts
     D:6: 161 daAuts
     D:5: 33 daAuts
